Map: Polka LE

Players

Titi

  • Race: Protoss Protoss
  • Spawn Location: 11:00

MessiaH

  • Race: Terran Terran
  • League: Diamond
  • Spawn Location: 11:00

Massa

  • Race: Terran Terran
  • League: Platinum
  • Spawn Location: 5:00

qqq

  • Race: Zerg Zerg
  • Spawn Location: 5:00

VOD

Have the link to the VOD?

Description

Time

  • Played on: March 21, 2021, 1:49 p.m.
  • Length: 12:30
Show
View Real Time Build Order
Export as new Build Order

Titi Protoss 

Build Orders: Phoenix Opening 

Get SALT Encoding   

  12  0:00  Probe  
  13  0:17  Pylon  
  13  0:18  Probe  
  14  0:33  Probe (Chrono Boost)  
  15  0:39  Gateway  
  15  0:45  Probe (Chrono Boost)  
  16  0:53  Probe (Chrono Boost)  
  17  0:57  Assimilator  
  17  1:07  Probe (Chrono Boost)  
  18  1:17  Probe (Chrono Boost)  
  19  1:22  Probe  
  20  1:26  Cybernetics Core  
  20  1:35  Probe, Pylon  
  21  1:47  Probe  
  22  1:51  Nexus  
  22  2:05  Assimilator  
  22  2:11  Probe  
  23  2:25  Probe  
  24  2:36  Stargate  
  25  2:37  Probe  
  25  2:45  Pylon  
  25  2:49  Probe  
  26  3:00  Pylon  
  26  3:01  Probe (Chrono Boost)  
  28  3:08  Probe (Chrono Boost)  
  28  3:12  Probe (Chrono Boost)  
  29  3:13  Stargate  
  29  3:17  Probe x2 (Chrono Boost)  
  31  3:21  Pylon  
  31  3:27  Probe (Chrono Boost)  
  31  3:28  Probe (Chrono Boost)  
  31  3:29  Phoenix  
  35  3:38  Assimilator  
  35  3:39  Probe (Chrono Boost)  
  35  3:40  Probe (Chrono Boost)  
  37  3:45  Probe x2 (Chrono Boost)  
  39  3:54  Probe, Phoenix  
  42  3:57  Pylon  
  42  4:00  Phoenix  
  42  4:02  Probe  
  45  4:06  Probe  
  46  4:10  Forge  
  46  4:14  Probe  
  47  4:18  Probe  
  47  4:19  Phoenix  
  47  4:22  Pylon  
  50  4:28  Phoenix  
  52  4:32  Probe x2  
  52  4:34  Assimilator  
  54  4:44  Probe x2  
  56  4:49  Nexus  
  56  5:08  Pylon  
  55  5:27  Fleet Beacon  
  55  5:36  Phoenix x2  
  55  5:37  Probe x2  
  61  5:44  Pylon  
  61  5:46  Pylon  
  61  5:49  Probe x2  
  63  6:03  Shield Battery  
  63  6:09  Photon Cannon  
  63  6:10  Photon Cannon  
  54  6:26  Photon Cannon  
  54  6:28  Shield Battery  
  54  6:32  Probe x2  
  55  6:37  Photon Cannon  
  55  6:46  Probe x2  
  55  6:54  Flux Vanes  
  55  6:58  Probe x2  
  57  7:02  Phoenix x2  
  61  7:10  Probe, Nexus  
  61  7:11  Probe  
  63  7:22  Stargate  
  63  7:23  Stargate  
  63  7:25  Void Ray x2  
  63  7:26  Probe x2  
  65  7:33  Protoss Shields Level 1  
  73  7:38  Probe  
  73  7:43  Probe  
  75  7:50  Probe  
  76  7:53  Pylon  
  76  7:55  Probe  
  76  7:57  Pylon  
  77  8:02  Probe (Chrono Boost)  
  77  8:03  Void Ray  
  77  8:04  Void Ray  
  78  8:07  Probe (Chrono Boost)  
  78  8:12  Anion Pulse-Crystals (Chrono Boost)  
  87  8:15  Probe (Chrono Boost)  
  87  8:19  Probe (Chrono Boost)  
  89  8:22  Probe (Chrono Boost), Photon Cannon  
  89  8:26  Shield Battery  
  80  8:42  Phoenix, Pylon  
  80  8:44  Photon Cannon  
  80  8:45  Photon Cannon, Phoenix  
  84  8:59  Pylon  
  84  9:00  Photon Cannon  
  84  9:08  Phoenix x2  
  88  9:11  Phoenix  
  88  9:16  Probe x2  
  92  9:22  Photon Cannon  
  92  9:32  Phoenix  
  92  9:36  Void Ray x2  
  90  9:43  Probe x2  
  90  9:45  Assimilator x2  
  100  9:58  Nexus  
  100  10:04  Probe x3  
  103  10:16  Probe  
  104  10:27  Probe x2  
  104  10:28  Probe  
  107  10:33  Pylon x2  
  107  10:37  Stargate  
  107  10:39  Probe, Pylon, Stargate  
  107  10:42  Gateway, Pylon  
  108  10:56  Tempest x3  
  123  11:02  Probe x2  
  125  11:08  Pylon  
  125  11:11  Pylon  
  143  11:50  Probe  
  143  11:51  Probe x3  
  147  11:56  Photon Cannon  
  147  11:57  Photon Cannon  
  147  12:00  Photon Cannon  
  147  12:01  Photon Cannon  
  147  12:03  Probe x4  
  147  12:04  Shield Battery  
  147  12:07  Photon Cannon  
  151  12:09  Shield Battery  
Show
View Real Time Build Order
Export as new Build Order

MessiaH Terran 

Build Orders:  

Get SALT Encoding   

  12  0:00  SCV  
  13  0:18  SCV, Supply Depot  
  14  0:30  SCV  
  15  0:42  SCV  
  16  0:45  Barracks  
  16  0:54  SCV  
  17  1:14  Command Center  
  17  1:19  SCV  
  18  1:32  Marine  
  19  1:37  Orbital Command  
  19  1:40  Refinery  
  19  1:42  Refinery  
  19  1:50  Marine  
  20  2:07  Marine  
  21  2:10  Supply Depot  
  21  2:12  SCV  
  22  2:24  SCV  
  22  2:26  Marine  
  24  2:33  Orbital Command  
  24  2:36  SCV  
  24  2:38  Supply Depot  
  24  2:45  Marine  
  24  2:48  SCV  
  24  2:50  Supply Depot  
  26  3:00  SCV, Factory  
  27  3:10  Barracks  
  27  3:16  SCV  
  27  3:17  SCV  
  29  3:23  Refinery  
  29  3:26  Refinery  
  29  3:30  SCV  
  30  3:37  Engineering Bay  
  30  3:41  SCV  
  30  3:42  SCV  
  30  3:46  Factory Tech Lab  
  32  3:54  SCV  
  33  3:55  Barracks Tech Lab  
  33  3:58  Barracks Reactor  
  33  4:00  Starport, SCV  
  34  4:06  SCV  
  34  4:07  Terran Infantry Weapons Level 1  
  35  4:13  SCV  
  36  4:18  SCV  
  37  4:25  SCV  
  37  4:27  Command Center  
  37  4:30  SCV  
  39  4:32  Marine  
  39  4:37  SCV  
  41  4:44  Marine x2  
  43  4:46  Starport Reactor  
  43  4:49  Sensor Tower  
  43  4:52  Marine  
  44  5:02  Marine x2  
  46  5:09  Marine  
  47  5:15  Siege Tank  
  47  5:20  Marine x2  
  52  5:25  Supply Depot  
  52  5:26  Supply Depot  
  52  5:27  Marine  
  53  5:29  Supply Depot  
  53  5:30  Medivac  
  55  5:36  Missile Turret  
  55  5:37  Marine  
  55  5:38  Marine  
  57  5:44  Sensor Tower  
  57  5:45  Marine  
  58  5:51  Siege Tank  
  58  5:55  Marine x2  
  63  6:03  Marine  
  64  6:04  Supply Depot x2  
  63  6:13  Marine x2  
  60  6:21  Marine  
  59  6:31  Marine x2  
  61  6:38  Marine  
  60  6:49  Marine x2  
  62  6:56  Marine  
  63  7:06  Marine  
  63  7:07  Marine  
  65  7:10  Missile Turret  
  65  7:13  Medivac x2, Siege Tank  
  65  7:14  Marine  
  73  7:22  Orbital Command  
  73  7:24  Marine x2  
  73  7:26  SCV x2  
  77  7:31  Sensor Tower  
  77  7:32  Marine  
  78  7:38  SCV x2  
  78  7:42  Marine x2, Supply Depot x2  
  78  7:43  Medivac  
  84  7:44  Supply Depot  
  84  7:45  Siege Tank  
  84  7:46  Terran Infantry Armor Level 1  
  84  7:48  Missile Turret  
  84  7:49  Armory  
  84  7:50  SCV x2, Marine  
  90  8:00  Marine x2  
  90  8:02  SCV  
  90  8:04  SCV  
  94  8:07  Marine  
  95  8:14  SCV  
  95  8:16  SCV  
  95  8:17  Siege Tank  
  95  8:18  Marine x2  
  102  8:25  Marine  
  103  8:32  Missile Turret  
  103  8:35  Marine  
  103  8:36  Marine  
  105  8:45  Barracks Tech Lab  
  105  8:49  Siege Tank  
  105  8:53  Marine x2  
  80  9:07  Marine  
  81  9:11  Marine x2  
  81  9:14  Viking x2  
  87  9:21  Siege Tank  
  90  9:25  Marine  
  90  9:29  Marine x2  
  82  9:43  Marine  
  85  9:45  SCV  
  85  9:47  Marine x2  
  85  9:48  Refinery  
  85  9:50  Refinery  
  85  9:51  Supply Depot  
  88  9:53  Siege Tank  
  88  9:54  Missile Turret  
  88  9:58  Missile Turret  
  91  10:01  Marine, Stimpack  
  91  10:05  Marine x2  
  94  10:07  Liberator  
  94  10:09  Liberator  
  98  10:14  Supply Depot  
  98  10:19  Marine  
  99  10:22  Marine  
  99  10:23  Marine  
  99  10:25  Siege Tank  
  104  10:31  Missile Turret  
  104  10:35  Missile Turret  
  104  10:36  Marine  
  104  10:40  Marine x2  
  107  10:46  Barracks  
  107  10:52  Missile Turret  
  107  10:53  Supply Depot  
  107  10:54  Marine  
  107  10:55  Barracks  
  108  10:58  Marine x2, Siege Tank  
  113  11:07  Medivac  
  115  11:12  Marine  
  115  11:16  Marine x2  
  118  11:30  Marine, Siege Tank  
  122  11:34  Marine x2  
  124  11:48  Marine  
  124  11:51  Marine  
  124  11:52  Marine  
  127  12:05  Marine  
  128  12:09  Marine x2  
Show
View Real Time Build Order
Export as new Build Order

Massa Terran 

Build Orders: Reaper Expand 

Get SALT Encoding   

  12  0:00  SCV  
  13  0:12  SCV  
  14  0:23  Supply Depot  
  14  0:27  SCV  
  15  0:45  Refinery, SCV  
  15  0:47  Barracks  
  16  0:57  SCV  
  17  1:09  SCV  
  18  1:21  SCV  
  19  1:34  Orbital Command  
  19  1:39  Command Center  
  19  1:42  Reaper  
  20  1:58  Supply Depot  
  20  2:00  SCV  
  21  2:08  Factory  
  21  2:12  SCV  
  21  2:15  Refinery  
  22  2:36  Barracks Tech Lab  
  22  2:39  Barracks Reactor  
  22  2:44  SCV  
  23  2:53  Orbital Command  
  23  2:56  SCV  
  23  2:57  Starport  
  24  3:01  Factory Tech Lab  
  24  3:08  SCV  
  25  3:15  Marine x2  
  27  3:20  SCV x2  
  27  3:21  Refinery  
  27  3:26  Supply Depot  
  29  3:32  SCV, Marine  
  29  3:33  Marine  
  32  3:40  Factory Tech Lab  
  32  3:41  Barracks  
  32  3:43  Raven  
  32  3:46  SCV x2  
  36  3:50  Marine x2  
  38  3:58  SCV x2  
  38  4:00  Siege Tank  
  43  4:05  Engineering Bay  
  43  4:08  Marine x2  
  45  4:17  SCV x2  
  47  4:26  Marine x2  
  47  4:28  Medivac  
  47  4:29  SCV x2  
  47  4:31  Barracks Tech Lab  
  53  4:38  Supply Depot x2  
  53  4:52  Missile Turret  
  53  4:55  Terran Infantry Weapons Level 1  
  53  4:56  Missile Turret  
  53  4:58  Stimpack  
  53  4:59  Cyclone, Marine x3  
  59  5:16  SCV x2  
  59  5:17  Marauder, Marine x2  
  65  5:22  Missile Turret  
  65  5:28  SCV x2  
  65  5:34  Marine  
  65  5:38  Missile Turret  
  65  5:40  SCV  
  62  6:01  Marine x2  
  62  6:02  Marauder  
  59  6:19  Raven, Marine  
  59  6:23  Marauder  
  64  6:38  Combat Shield  
  63  6:46  Marauder, Marine x2  
  60  6:47  Siege Tank  
  60  6:49  SCV x2  
  62  6:55  Refinery  
  62  6:59  Command Center  
  62  7:01  SCV  
  62  7:04  Barracks, Marine  
  62  7:05  Missile Turret  
  62  7:06  Barracks  
  62  7:07  Marauder  
  62  7:08  Terran Infantry Armor Level 1, Armory  
  66  7:09  SCV  
  66  7:13  Supply Depot  
  66  7:14  SCV  
  66  7:15  Barracks  
  68  7:22  Medivac  
  68  7:27  Supply Depot  
  70  7:31  Supply Depot  
  70  7:35  Widow Mine, Engineering Bay  
  72  7:37  Supply Depot  
  72  7:50  Marine x2  
  72  7:51  Marine, Supply Depot  
  76  7:56  Widow Mine  
  76  7:57  Concussive Shells  
  78  8:02  Marine  
  78  8:05  Barracks Reactor  
  79  8:07  Barracks Tech Lab  
  79  8:08  Marine  
  79  8:17  Siege Tank  
  82  8:24  Marauder  
  82  8:25  Barracks Reactor, Marine  
  82  8:26  Marine x2  
  87  8:40  Factory  
  87  8:43  Marine x2  
  87  8:44  Marine  
  87  8:45  Marauder  
  88  9:02  Marauder, Marine  
  75  9:03  Marine x5  
  75  9:07  Marauder  
  81  9:20  Orbital Command, Marine  
  81  9:21  SCV x2, Marine x3  
  81  9:24  Marauder  
  89  9:26  Siege Tank  
  89  9:27  Raven  
  89  9:28  Marauder  
  92  9:33  SCV x2  
  83  9:45  SCV, Marauder, Marine x6  
  85  9:46  SCV  
  85  9:49  Marine  
  93  9:58  SCV  
  94  10:02  Marine  
  94  10:03  Marine x5  
  94  10:05  Thor  
  94  10:06  SCV, Marine  
  109  10:07  SCV, Marine  
  109  10:10  SCV, Medivac  
  109  10:11  Missile Turret  
  113  10:16  Missile Turret x2  
  113  10:19  SCV x2  
  113  10:20  Marine  
  113  10:21  Marine x3  
  114  10:22  SCV  
  118  10:31  SCV x2  
  118  10:32  Factory Reactor  
  120  10:39  Missile Turret  
  120  10:40  Medivac  
  122  10:59  Marauder, Marine  
  125  11:08  Refinery  
  125  11:09  Refinery  
  125  11:10  Supply Depot x2  
  125  11:11  Supply Depot  
  125  11:12  Supply Depot x2  
  125  11:14  Supply Depot  
  125  11:16  Supply Depot  
  125  11:21  Command Center  
  125  11:23  Marine  
  125  11:31  Raven, Marine x4, Thor  
  125  11:32  Marauder  
  139  11:33  Supply Depot  
  139  11:36  Missile Turret  
  139  11:37  Supply Depot  
  139  11:48  Marauder, Marine x2  
  139  11:49  Marine x4  
  139  11:51  Widow Mine x2  
  139  11:53  Marauder  
Show
View Real Time Build Order
Export as new Build Order

qqq Zerg 

Build Orders: Hatch First, Muta Ling Bane 

Get SALT Encoding   

  12  0:03  Drone  
  13  0:09  Drone  
  14  0:16  Overlord  
  14  0:25  Overlord  
  14  0:57  Hatchery  
  13  1:00  Drone x2  
  15  1:08  Drone  
  16  1:14  Extractor  
  15  1:26  Drone x2  
  17  1:36  Drone  
  18  1:44  Drone  
  19  1:57  Drone  
  20  2:05  Spawning Pool  
  20  2:06  Drone  
  20  2:15  Drone  
  21  2:20  Drone  
  22  2:34  Hatchery, Drone x2  
  22  2:35  Overlord  
  23  2:42  Drone x2  
  25  2:53  Metabolic Boost  
  25  2:54  Queen  
  27  3:02  Queen  
  29  3:08  Zergling x2  
  29  3:10  Zergling x4  
  32  3:15  Zergling x2  
  32  3:17  Drone  
  32  3:18  Zergling x2  
  35  3:23  Zergling x2  
  35  3:26  Zergling x2  
  37  3:31  Zergling x2  
  38  3:37  Lair  
  38  3:38  Overlord  
  38  3:42  Zergling x2  
  38  3:47  Zergling x4  
  41  3:52  Zergling x2  
  42  3:56  Zergling x2  
  43  4:07  Drone x3  
  46  4:10  Spore Crawler  
  45  4:18  Drone  
  45  4:19  Drone x2  
  45  4:20  Drone  
  45  4:21  Zergling x2  
  45  4:22  Zergling x2  
  51  4:37  Zergling x4  
  51  4:38  Zergling x8  
  57  4:45  Spore Crawler  
  57  4:52  Overlord  
  56  4:54  Overlord  
  53  5:08  Overlord x2  
  53  5:20  Drone  
  53  5:21  Drone x4  
  58  5:34  Spire  
  57  5:35  Extractor  
  57  5:37  Extractor  
  57  5:40  Drone, Spore Crawler  
  55  5:49  Drone x2  
  57  5:51  Drone  
  58  5:58  Zergling x8  
  45  6:19  Zergling x8  
  45  6:20  Zergling x12  
  54  6:27  Zergling x2  
  54  6:28  Zergling x6  
  54  6:30  Zergling x2  
  56  6:37  Zergling x6  
  56  6:38  Zergling x2  
  60  6:46  Drone x4  
  64  6:56  Drone x3  
  66  7:04  Baneling Nest  
  66  7:06  Evolution Chamber  
  66  7:08  Evolution Chamber  
  63  7:10  Drone  
  64  7:17  Queen  
  64  7:18  Spore Crawler  
  64  7:22  Spore Crawler  
  64  7:24  Overlord  
  64  7:28  Overlord  
  63  7:42  Drone x3  
  66  7:46  Overlord x2  
  64  8:02  Centrifical Hooks  
  63  8:05  Baneling  
  63  8:06  Baneling x17  
  63  8:07  Baneling  
  63  8:08  Baneling  
  63  8:09  Baneling  
  63  8:10  Baneling  
  63  8:11  Baneling  
  63  8:12  Baneling  
  61  8:14  Zergling x2  
  62  8:25  Zergling x10  
  67  8:32  Zergling x8  
  50  8:58  Zergling x14  
  50  8:59  Zergling x2  
  56  9:03  Zergling x4  
  56  9:06  Zergling x2  
  56  9:15  Zergling x4  
  47  9:41  Zergling x6  
  47  9:42  Drone x5  
  54  9:51  Mutalisk  
  56  9:55  Queen  
  58  10:12  Corruptor x3  
  58  10:13  Mutalisk x3  
  70  10:18  Spore Crawler  
  70  10:19  Spore Crawler  
  64  10:26  Drone  
  64  10:27  Mutalisk  
  65  10:34  Extractor  
  64  10:37  Overlord  
  64  10:46  Queen, Spore Crawler  
  65  10:55  Queen  
  67  10:58  Drone x6  
  73  11:05  Overlord x2  
  61  11:36  Corruptor x4  
  67  11:49  Spore Crawler x2, Overlord  
  65  12:00  Overlord x3  
  56  12:22  Spore Crawler  
Tags
 
Add a new tag
Caveats
  • Supply blocks, unpowered buildings, or Contaminate may cause inaccurate times.
  • Supply counts are checked every 10 seconds.